 Dungeon Crawl Stone Soup version 0.17-a0-1635-gd4e48f1 (webtiles) character file.

5 hexophile the Ducker (level 1, -6/11 HPs)
             Began as a Spriggan Abyssal Knight on Aug 4, 2015.
             Was a Follower of Lugonu.
             Killed from afar by a raiju (17 damage)
             ... with a living lightning
             ... on level 3 of the Abyss.
             The game lasted 00:03:20 (405 turns).

hexophile the Ducker (Spriggan Abyssal Knight)       Turns: 405, Time: 00:03:20

Health: -6/11      AC:  3    Str:  8    XL:     1   Next: 66%
Magic:  3/3        EV: 18    Int:  9    God:    Lugonu [*.....]
Gold:   98         SH:  0    Dex: 15    Spells: 0 memorised, 0 levels left

rFire  . . .     SeeInvis +     a - +1 short sword
rCold  . . .     Clarity  .     b - +1 robe
rNeg   . . .     SustAt   .     (shield restricted)
rPois  .         Gourm    .     (helmet restricted)
rElec  .         Spirit   .     (no cloak)
rCorr  .         Warding  .     (gloves unavailable)
rMut   .         Stasis   .     (boots unavailable)
MR     .....                    k - amulet of inaccuracy (curse)
Stlth  +.........               (no ring)
                                j - ring of invisibility

@: contaminated, non-regenerating, diseased, glowing, very quick, not resistant
to hostile enchantments, very unstealthy
A: unfitting armour, see invisible, dopey 2, herbivore 3, speed 3, screaming 1,
slow metabolism 2, subdued magic 1
a: Depart the Abyss, Renounce Religion, Evoke Invisibility


You were on level 3 of the Abyss.
You worshipped Lugonu.
Lugonu was aware of your devotion.
You were not hungry.

You visited 0 branches of the dungeon, and saw 0 of its levels.
You visited the Abyss 1 time.

You collected 98 gold pieces.

Inventory:

Hand weapons
 a - a +1 short sword (weapon)
 g - a +1 morningstar of protection
Armour
 b - a +1 robe (worn)
Jewellery
 j - a ring of invisibility (left hand)
 k - a cursed amulet of inaccuracy (around neck)
Scrolls
 d - 2 scrolls of identify {unknown}
 h - 2 scrolls of blinking
Potions
 e - a potion of curing {unknown}
 f - a potion of heal wounds {unknown}
 i - 2 potions of brilliance {unknown}
Comestibles
 c - a bread ration


   Skills:
 - Level 2.4 Fighting
 - Level 2.1 Short Blades
 - Level 3.5 Dodging
 + Level 2.2 Stealth
 - Level 1.7 Invocations


You couldn't memorise any spells.
You didn't know any spells.

Dungeon Overview and Level Annotations

Branches:
Dungeon (0/15)

Altars:


Innate Abilities, Weirdness & Mutations

You are tiny and cannot use many weapons and most armour.
You have supernaturally acute eyesight.
You are a herbivore.
You cover ground extremely quickly.
You need consume almost no food.
Your spells are a little easier to cast, but a little less powerful.
[You are very dopey. (Int -4)]
[You occasionally shout uncontrollably at your foes.]


Message History

The ancient zyme completely misses you. The ancient zyme closely misses you.
You feel ill. 2 spatial vortices come into view.
A spatial vortex comes into view.
A spatial vortex comes into view.
The spatial vortex moves out of view.
A spatial vortex comes into view.
The spatial vortex moves out of view.
A spatial vortex comes into view.
A spatial vortex comes into view.
A spatial vortex comes into view.
The spatial vortex moves out of view.
The spatial vortex moves out of view.
A spatial vortex comes into view.
A raiju comes into view.
The raiju barks!
The raiju bursts into living lightning!
The living lightning hits you!
Ouch! That really hurt!
You die... .# .. h # # .# #. . #.# ..#. ##. ## ...# #. ....#.#.. .. # ..# . #..#.....##.# v.#. v# ..§..###@..# #... .vv

#....#§#..## .## ..#
##..##... # # #.#.#.
...##.#.######.#### x.###
#.......v....... .......
..#..#........#.#...#..v.
#....v..#.....#...v.. .
.......#.#.. ..x.# #...#
....##.#. ##..#.#.###..


You could see a raiju.

Vanquished Creatures
  An ufetubus (Abyss:1)
1 creature vanquished.

Vanquished Creatures (others)
  4 starspawn tentacles (Abyss:3)
4 creatures vanquished.

Grand Total: 5 creatures vanquished

Notes
Turn   | Place    | Note
--------------------------------------------------------------
     0 | Abyss:1  | hexophile the Spriggan Abyssal Knight began the quest for the Orb.
     0 | Abyss:1  | Reached XP level 1. HP: 11/11 MP: 3/3
     7 | Abyss:1  | Found a corrupted altar of Lugonu.
   122 | Abyss:1  | Noticed a fire giant skeleton
   193 | Abyss:2  | Noticed a large abomination
   220 | Abyss:2  | Noticed a smoke demon
   222 | Abyss:2  | Noticed a small abomination
   235 | Abyss:2  | Noticed a neqoxec
   235 | Abyss:2  | Noticed a large abomination
   256 | Abyss:2  | Noticed a large abomination
   288 | Abyss:3  | Found a corrupted altar of Lugonu.
   333 | Abyss:3  | Noticed a small abomination
   340 | Abyss:3  | Gained mutation: Your spells are a little easier to cast, but a little less powerful. [mutagenic glow]
   341 | Abyss:3  | Noticed a wretched star
   362 | Abyss:3  | Noticed a chaos spawn
   365 | Abyss:3  | Noticed a tentacled starspawn
   376 | Abyss:3  | Noticed a small abomination
   381 | Abyss:3  | Noticed a spatial maelstrom
   381 | Abyss:3  | Noticed an ancient zyme
   381 | Abyss:3  | Noticed a spatial vortex
   383 | Abyss:3  | Noticed a spatial vortex
   384 | Abyss:3  | Noticed a spatial vortex
   389 | Abyss:3  | Noticed a spatial vortex
   389 | Abyss:3  | Noticed a spatial vortex
   390 | Abyss:3  | Noticed a spatial vortex
   391 | Abyss:3  | Noticed a spatial vortex
   393 | Abyss:3  | Noticed a spatial vortex
   398 | Abyss:3  | Noticed a spatial vortex
   399 | Abyss:3  | Noticed a spatial vortex
   400 | Abyss:3  | Noticed a spatial vortex
   404 | Abyss:3  | Noticed a spatial vortex
   405 | Abyss:3  | Noticed a raiju
   405 | Abyss:3  | Killed from afar by a raiju

Vault maps used:
Abyss:2:  evilmike_abyss_exit_glass
Abyss:3:  evilmike_abyss_exit_vortex, kilobyte_mutagenic_chamber

Action                   || total
-------------------------++-------
Melee: Short sword       ||     9
  Use: Scroll            ||     2
